 Dungeon Crawl Stone Soup version 0.22.1-1-ga44c0e5 (webtiles) character file.

17890 Zebedee the Grappler (level 12, -1/102 HPs)
             Began as a Troll Monk on Sept 23, 2018.
             Was a High Priest of Yredelemnul.
             Slain by a phantasmal warrior (26 damage)
             ... led by a death knight
             ... on level 14 of the Dungeon.
             The game lasted 00:53:20 (12529 turns).

Zebedee the Grappler (Troll Monk)                  Turns: 12529, Time: 00:53:22

Health: -1/102     AC: 10    Str: 24    XL:     12   Next: 22%
Magic:  17/17      EV: 12    Int: 10    God:    Yredelemnul [*****.]
Gold:   795        SH:  0    Dex: 14    Spells: 11/11 levels left

rFire    . . .     SeeInvis .     - Unarmed
rCold    + . .     Gourm    +   (no shield)
rNeg     . . .     Faith    .   Q - +1 troll leather armour
rPois    .         Spirit   .   (helmet restricted)
rElec    .         Reflect  .   y - scarf {cloud immunity}
rCorr    .         Harm     .   (gloves unavailable)
MR       +....                  (boots unavailable)
Stlth    +.........             (no amulet)
HPRegen  1.07/turn              o - +2 ring of strength
MPRegen  0.15/turn              a - ring of protection from cold

@: slowed, very slow
A: large, unfitting armour, claws 3, iridescent scales 1, agile 1, fast
metabolism 3, frail 1, gourmand, magic resistance 1, regeneration 1, shaggy fur
1, tough skin 2
a: Recall Undead Slaves, Injury Mirror, Animate Dead, Drain Life, Enslave Soul,
Renounce Religion


You were on level 14 of the Dungeon.
You worshipped Yredelemnul.
Yredelemnul was extremely pleased with you.
You were completely stuffed.

You visited 1 branch of the dungeon, and saw 14 of its levels.
You also visited: Bailey.

You collected 795 gold pieces.

Inventory:

Hand Weapons
 i - a +0 halberd
 j - a +6 halberd
 l - a +0 blowgun
 A - the +4 dire flail of Eternal Harmony {chaos, Int+4}
   (You took it off an orc in a bailey)

   Each time it hits an enemy it has a different, random effect.
   It affects your intelligence (+4).
 H - the +8 whip "Snakebite" {curare, rPois}
   (You took it off a centaur warrior on level 13 of the Dungeon)

   It poisons the flesh of those it strikes.
   It protects you from poison.
Missiles
 f - 5 throwing nets (quivered)
 u - 35 poisoned needles
Armour
 y - a scarf of cloud immunity (worn)
 G - a +0 shield
 N - a +2 robe of cold resistance
 Q - a +1 troll leather armour (worn)
Jewellery
 a - a ring of protection from cold (right claw)
 o - a +2 ring of strength (left claw)
 F - an uncursed ring of positive energy
 J - an uncursed ring of magical power
 L - an uncursed ring of wizardry
 O - an uncursed ring of positive energy
Wands
 r - a wand of random effects (62)
 t - a wand of polymorph (9)
 K - a wand of digging (14)
 P - a wand of enslavement (15)
Scrolls
 c - 9 scrolls of remove curse
 e - 8 scrolls of teleportation
 h - 3 scrolls of blinking
 k - 4 scrolls of fear
 n - 2 scrolls of random uselessness {unknown}
 s - 4 scrolls of fog
 w - 6 scrolls of amnesia
 B - a scroll of summoning
 E - 2 scrolls of magic mapping {unknown}
Potions
 d - 4 potions of flight
 g - 8 potions of curing
 m - 6 potions of heal wounds
 p - a potion of ambrosia {unknown}
 q - a potion of magic {unknown}
 v - a potion of berserk rage {unknown}
 x - 2 potions of haste
 z - 4 potions of agility
 C - a potion of brilliance {unknown}
 I - 2 potions of lignification
 M - a potion of cancellation {unknown}
Comestibles
 b - 25 rations
 D - a chunk of flesh


   Skills:
 + Level 6.1 Fighting
 - Level 0.1 Polearms
 * Level 1.6 Armour
 - Level 4.6 Dodging
 - Level 1.1 Stealth
 * Level 6.9 Shields
 + Level 13.1 Unarmed Combat
 - Level 8.8 Invocations
 - Level 1.3 Evocations


You had 11 spell levels left.
You didn't know any spells.
Your spell library contained the following spells:

 Spells                   Type           Power        Failure   Level  Hunger
 Freeze                   Ice            #...         41%         1    ##.....
 Magic Dart               Conj           #...         41%         1    ##.....
 Searing Ray              Conj           #.....       54%         2    ###....
 Dazzling Spray           Conj/Hex       #.....       78%         3    ####...
 Force Lance              Conj/Tloc      #.......     99%         4    #####..
 Fulminant Prism          Conj/Hex       #.........   99%         4    #####..
 Iskenderun's Mystic Bla  Conj           #.......     99%         4    #####..


Dungeon Overview and Level Annotations

Branches:
Dungeon (14/15)            Temple (0/1) D:4            Lair (0/6) D:10
    Orc (0/2) D:10
 Vaults: D:13-14

Altars:
Ashenzari
Dithmenos
Kikubaaqudgha
Ru
Sif Muna
Trog
Wu Jian
Xom
Yredelemnul
Zin
The Shining One
Beogh

Shops:
D:7 %   D:10 (


Innate Abilities, Weirdness & Mutations

You are too large for most types of armour.
You have claws for hands.
Your metabolism is lightning-fast.
You like to eat raw meat.
Your natural rate of healing is unusually fast.
You are covered in fur. (AC +1)
You have very tough skin. (AC +2)
You are partially covered in iridescent scales. (AC +2)
You are agile. (Dex +2)
You are frail. (-10% HP)
You are resistant to hostile enchantments. (MR+)


Message History

The wraith misses you.
Your yak zombie gores the phantasmal warrior but does no damage.
Your skeletal warrior hits the phantasmal warrior with a halberd!
The phantasmal warrior hits your skeletal warrior!!
Your skeletal warrior is destroyed!
The death knight hits you with a glaive!!
You mangle the death knight!!
You kill the death knight!
Yredelemnul accepts your kill. The wraith closely misses you.
Your yak zombie gores the phantasmal warrior but does no damage.
The skeletal warrior hits you with a war axe!!
* * * LOW HITPOINT WARNING * * *
You scratch the phantasmal warrior but do no damage.
The phantasmal warrior is severely damaged.
The wraith hits you.
* * * LOW HITPOINT WARNING * * *
The phantasmal warrior hits you!!
You die...
Your body rises from the dead as a mindless zombie.

# #+# #. #.#
#####.# #.# #
#......##### #.# #
#.....z@WZ.# #.# #
......W###.######.#
# .......
#.....#..######
#......
#####........##
#...... ##.#####...
#...... #.# ####
#.##### #.# # #...
##.# # #.. #..#


You could see a skeletal warrior, a phantasmal warrior, a wraith and a friendly
yak zombie.

Vanquished Creatures
  Harold (D:8)
  Fannar (D:11)
  A death knight (D:14)
  A centaur warrior (D:13)
  A skeletal warrior (D:13)
  2 orc knights (Bailey)
  A deep elf mage (D:10)
  2 ugly things
  A kobold demonologist (D:12)
  A freezing wraith (D:14)
  2 trolls
  3 hippogriffs
  A shadow (D:11)
  4 yaks (D:14)
  A steam dragon (D:12)
  An acid dragon (D:11)
  5 orc warriors
  A black bear (D:7)
  2 sky beasts
  4 ogres
  An eye of draining (D:9)
  A centaur (D:7)
  A necrophage (D:12)
  6 bullfrogs
  4 scorpions
  A wyvern skeleton (D:9)
  5 wights
  A howler monkey (D:6)
  A crimson imp (D:7)
  A centaur zombie (D:7)
  7 jellies
  4 hounds
  6 orc wizards
  4 orc priests
  4 iguanas
  3 centaur skeletons
  A worker ant (D:2)
  A hound zombie (D:11)
  2 hound skeletons (D:7)
  11 gnolls
  9 adders
  A shadow imp (D:5)
  2 adder skeletons (D:4)
  A worm (D:3)
  4 dart slugs
  6 leopard geckos
  40 orcs
  6 giant cockroaches
  6 goblins
  12 hobgoblins
  16 jackals
  2 quokkas (D:4)
  A ball python (D:2)
  9 bats
  6 frilled lizards
  10 kobolds
  A leopard gecko skeleton (D:2)
  A quokka skeleton (D:7)
  7 rats
241 creatures vanquished.

Vanquished Creatures (collateral kills)
  A frost giant (D:13)
  A hydra (D:13)
  A catoblepas (D:12)
  2 centaur warriors (D:13)
  A skeletal warrior (D:13)
  2 wolf spider zombies (D:13)
  2 ugly things
  A cyclops (D:12)
  2 manticores
  A salamander (shapeshifter) (D:13)
  An elephant (shapeshifter) (D:13)
  Psyche (D:11)
  A redback zombie (D:14)
  A meliai (D:12)
  A hornet (D:13)
  Grinder (D:4)
  2 hippogriffs
  A spriggan (D:10)
  A yak (D:14)
  A hungry ghost (D:8)
  3 vampire mosquitoes (D:13)
  A soldier ant (D:13)
  An acid dragon (D:13)
  An orc warrior (D:13)
  4 ice beasts
  A black bear (D:6)
  A necrophage (D:6)
  2 ogres
  3 phantoms
  3 centaurs
  2 crocodiles
  3 bullfrogs
  2 scorpions
  A howler monkey (D:6)
  7 wights
  An electric eel (D:10)
  A crimson imp (D:11)
  4 bullfrog zombies
  A jelly (D:11)
  7 hounds
  8 orc wizards
  3 orc priests (D:10)
  2 bullfrog skeletons
  An iguana (D:9)
  A worker ant (D:8)
  3 gnolls (D:7)
  3 adders (D:6)
  2 leopard geckos
  23 orcs
  10 jackals
  A quokka (D:10)
  2 kobolds
  A rat (D:3)
134 creatures vanquished.

Vanquished Creatures (others)
  A skeletal warrior (D:14)
  A phantasmal warrior (D:13)
  12 flying skulls
  2 vampires (D:13)
  A wraith (D:13)
  A hornet zombie (D:13)
  An ogre zombie (D:13)
  3 hound zombies (D:10)
  A mummy (D:13)
  An adder skeleton (D:8)
  A bat zombie (D:3)
  A gnoll zombie (D:3)
  A giant cockroach zombie (D:3)
  A hobgoblin zombie (D:3)
  A jackal zombie (D:4)
  3 kobold zombies
  12 orc zombies
44 creatures vanquished.

Grand Total: 419 creatures vanquished

Notes
Turn   | Place    | Note
-------+----------+-------------------------------------------
     0 | D:1      | Zebedee the Troll Monk began the quest for the Orb.
     0 | D:1      | Reached XP level 1. HP: 22/22 MP: 0/0
   134 | D:1      | Reached XP level 2. HP: 29/29 MP: 1/1
   522 | D:1      | Reached XP level 3. HP: 36/36 MP: 2/2
   799 | D:2      | Found an ornate altar of the Wu Jian Council.
   800 | D:2      | Found a sacrificial altar of Ru.
   811 | D:2      | Found a shattered altar of Ashenzari.
   819 | D:2      | Found a basalt altar of Yredelemnul.
   822 | D:2      | Found a bloodstained altar of Trog.
   829 | D:2      | Became a worshipper of Yredelemnul the Dark
   829 | D:2      | Reached * piety under Yredelemnul
   829 | D:2      | Reached ** piety under Yredelemnul
  1017 | D:2      | Found a shadowy altar of Dithmenos.
  1024 | D:2      | Reached skill level 4 in Unarmed Combat
  1024 | D:2      | Reached XP level 4. HP: 33/44 MP: 3/3
  1201 | D:2      | Found a glowing silver altar of Zin.
  1503 | D:3      | Reached skill level 1 in Invocations
  1713 | D:3      | Reached XP level 5. HP: 48/52 MP: 4/4
  1771 | D:3      | Reached *** piety under Yredelemnul
  2548 | D:4      | Reached skill level 5 in Unarmed Combat
  2548 | D:4      | Reached XP level 6. HP: 61/61 MP: 6/6
  2730 | D:4      | Noticed Grinder
  2732 | D:4      | Paralysed by Grinder for 3 turns
  2738 | D:4      | Killed Grinder
  2738 | D:4      | Reached skill level 6 in Unarmed Combat
  2738 | D:4      | Reached XP level 7. HP: 56/67 MP: 6/8
  2861 | D:4      | Received a gift from Yredelemnul (3 flying skulls)
  2985 | D:4      | Found a staircase to the Ecumenical Temple.
  3605 | D:5      | Entered Level 5 of the Dungeon
  3719 | D:5      | Received a gift from Yredelemnul (a mummy)
  3722 | D:5      | Reached skill level 7 in Unarmed Combat
  3961 | D:5      | Found a deep blue altar of Sif Muna.
  4117 | D:5      | Identified Sif Muna's Disquisition on the Snowflakes
  4156 | D:6      | Reached XP level 8. HP: 75/75 MP: 9/9
  4176 | D:6      | Received a gift from Yredelemnul (3 flying skulls)
  4198 | D:6      | Reached **** piety under Yredelemnul
  4592 | D:6      | Reached skill level 8 in Unarmed Combat
  5163 | D:7      | Found a shimmering altar of Xom.
  5171 | D:7      | Noticed a hippogriff
  5179 | D:7      | Killed a hippogriff
  5270 | D:7      | Received a gift from Yredelemnul (a wraith)
  5277 | D:7      | Reached skill level 5 in Invocations
  5390 | D:7      | Found a shadowy altar of Dithmenos.
  5394 | D:7      | Reached XP level 9. HP: 82/84 MP: 11/11
  5433 | D:7      | Found Ikhyefer's Food Boutique.
  5445 | D:7      | Reached skill level 9 in Unarmed Combat
  5477 | D:7      | Gained mutation: You have a somewhat thin skeletal
                  | structure. (Dex +2, Stealth) [potion of mutation]
  5477 | D:7      | Gained mutation: You are clumsy. (Dex -2) [potion of
                  | mutation]
  5477 | D:7      | Gained mutation: You are weak. (Str -2) [potion of
                  | mutation]
  5477 | D:7      | Lost mutation: You are clumsy. (Dex -2) [potion of
                  | mutation]
  5478 | D:7      | Lost mutation: You are weak. (Str -2) [potion of mutation]
  5478 | D:7      | Lost mutation: You have a somewhat thin skeletal structure.
                  | (Dex +2, Stealth) [potion of mutation]
  5478 | D:7      | Gained mutation: You are agile. (Dex +2) [potion of
                  | mutation]
  5478 | D:7      | Gained mutation: You are dopey. (Int -2) [potion of
                  | mutation]
  5478 | D:7      | Gained mutation: You are frail. (-10% HP) [potion of
                  | mutation]
  5478 | D:7      | Gained mutation: You have large cloven feet. [potion of
                  | mutation]
  5782 | D:8      | Reached skill level 1 in Shields
  5860 | D:8      | Noticed Harold
  5867 | D:8      | Killed Harold
  5898 | D:8      | Found an ancient bone altar of Kikubaaqudgha.
  6221 | D:8      | Reached skill level 10 in Unarmed Combat
  6652 | D:9      | Received a gift from Yredelemnul (a vampire)
  6836 | D:9      | Reached XP level 10. HP: 69/83 MP: 14/14
  7094 | D:9      | Found a glowing golden altar of the Shining One.
  7221 | D:9      | Received a gift from Yredelemnul (a vampire)
  7432 | D:10     | Entered Level 10 of the Dungeon
  7435 | D:10     | Found Ekhir's Antique Weapon Shoppe.
  7576 | D:10     | Found a staircase to the Orcish Mines.
  7623 | D:10     | Lost mutation: You are dopey. (Int -2) [potion of mutation]
  7623 | D:10     | Lost mutation: You have large cloven feet. [potion of
                  | mutation]
  7623 | D:10     | Gained mutation: You are partially covered in iridescent
                  | scales. (AC +2) [potion of mutation]
  7623 | D:10     | Gained mutation: You are resistant to hostile enchantments.
                  | (MR+) [potion of mutation]
  7636 | D:10     | Reached ***** piety under Yredelemnul
  7724 | D:10     | Noticed a deep elf mage
  7733 | D:10     | Killed a deep elf mage
  8152 | D:10     | Reached skill level 11 in Unarmed Combat
  8213 | D:10     | Found a staircase to the Lair.
  8403 | D:10     | Received a gift from Yredelemnul (3 flying skulls)
  8409 | D:10     | Found a roughly hewn altar of Beogh.
  8423 | D:11     | Noticed Psyche
  8437 | D:11     | Killed Psyche
  8532 | D:11     | Noticed a cyan ugly thing
  8546 | D:11     | Killed a cyan ugly thing
  8628 | D:11     | Received a gift from Yredelemnul (3 flying skulls)
  8645 | D:11     | Noticed a cyan ugly thing
  8654 | D:11     | Killed a cyan ugly thing
  8898 | D:11     | Noticed Fannar
  8908 | D:11     | Killed Fannar
  8908 | D:11     | Reached XP level 11. HP: 85/90 MP: 14/16
  8987 | D:12     | Received a gift from Yredelemnul (a skeletal warrior)
  9069 | D:12     | Found a flagged portal.
  9078 | Bailey   | Entered a bailey
  9143 | Bailey   | Noticed an orc knight
  9281 | Bailey   | Noticed an orc knight
  9281 | Bailey   | Noticed an orc knight
  9326 | Bailey   | Killed an orc knight
  9326 | Bailey   | Reached skill level 5 in Shields
  9739 | Bailey   | Got a scorched dire flail {chaos}
  9740 | Bailey   | Identified the +4 dire flail of Eternal Harmony {chaos,
                  | Int+4} (You took it off an orc in a bailey)
 10029 | Bailey   | Killed an orc knight
 10282 | D:12     | Noticed a catoblepas
 10287 | D:12     | Noticed a soul eater
 10291 | D:12     | Killed a catoblepas
 10341 | D:12     | Reached skill level 5 in Fighting
 10341 | D:12     | Received a gift from Yredelemnul (a phantasmal warrior)
 10703 | D:12     | Reached skill level 1 in Evocations
 10718 | D:12     | Reached skill level 12 in Unarmed Combat
 11073 | D:13     | Noticed a skeletal warrior
 11083 | D:13     | Noticed a skeletal warrior
 11084 | D:13     | Killed a skeletal warrior
 11089 | D:13     | Noticed a skeletal warrior
 11090 | D:13     | Noticed a skeletal warrior
 11092 | D:13     | Killed a skeletal warrior
 11449 | D:13     | Noticed a seven-headed hydra
 11449 | D:13     | Noticed a centaur warrior
 11454 | D:13     | Noticed a brown ugly thing
 11459 | D:13     | Killed a seven-headed hydra
 11466 | D:13     | Killed a centaur warrior
 11467 | D:13     | Killed a brown ugly thing
 11480 | D:13     | Noticed a centaur warrior
 11484 | D:13     | Noticed a frost giant
 11493 | D:13     | Killed a centaur warrior
 11494 | D:13     | Killed a frost giant
 11700 | D:13     | Noticed a centaur warrior
 11710 | D:13     | Killed a centaur warrior
 11823 | D:13     | Reached XP level 12. HP: 80/101 MP: 17/17
 12452 | D:14     | Reached skill level 13 in Unarmed Combat
 12456 | D:14     | Reached skill level 1 in Armour
 12514 | D:14     | Noticed a death knight
 12528 | D:14     | Killed a death knight
 12529 | D:14     | Slain by a phantasmal warrior

Skill      XL: |  1  2  3  4  5  6  7  8  9 10 11 12 |
---------------+-------------------------------------+-----
Unarmed Combat | 4 5 6 7 8 10 11 12 13 | 13.1
Invocations    | 1 2 3 5 6 8 |  8.8
Dodging        | 3 4 |  4.6
Fighting       | 3 4 5 6 |  6.1
Shields        | 2 4 6 |  6.9
Evocations     | 1 |  1.3
Armour         | 1 |  1.6
Polearms       | |  0.1
Stealth        | |  1.1

Action                   |  1- 3 |  4- 6 |  7- 9 | 10-12 || total
-------------------------+-------+-------+-------+-------++-------
Melee: Unarmed           |    93 |   136 |   218 |   295 ||   742
       Punch             |     1 |     1 |     5 |    11 ||    18
       Kick              |       |       |    17 |     8 ||    25
       Halberd           |       |       |       |    23 ||    23
Invok: Animate Remains   |       |     6 |       |       ||     6
       Animate Dead      |       |     4 |    16 |    28 ||    48
       Recall Undead Sla |       |       |     2 |     6 ||     8
       Injury Mirror     |       |       |     1 |       ||     1
       Drain Life        |       |       |       |     1 ||     1
Evoke: Wand              |       |       |       |    16 ||    16
  Use: Scroll            |       |       |    15 |    11 ||    26
       Potion            |       |       |     2 |     2 ||     4
 Stab: Sleeping          |     5 |     3 |     5 |     2 ||    15
       Distracted        |       |       |     3 |     5 ||     8
  Eat: Chunk             |    15 |    14 |    45 |    52 ||   126
       Ration            |       |       |       |     3 ||     3
Armor: Robe              |    22 |    33 |    59 |    63 ||   177
       Troll leather arm |       |       |       |    11 ||    11
Dodge: Dodged            |    41 |    89 |   103 |   170 ||   403
Block: Shield            |       |       |    30 |   108 ||   138
